 Dungeon Crawl Stone Soup version 0.17.0-28-g6e173f8 (webtiles) character file.

137 septik the Twirler (level 5, -3/30 HPs)
             Began as a Gargoyle Gladiator on Nov 27, 2015.
             Slain by a gnoll
             ... wielding a +0 flail
              (6 damage)
             ... on level 3 of the Dungeon.
             The game lasted 00:05:01 (2314 turns).

septik the Twirler (Gargoyle Gladiator)             Turns: 2314, Time: 00:05:01

Health: -3/30      AC: 13    Str: 19    XL:     5   Next: 20%
Magic:  5/5        EV:  8    Int:  8    God:
Gold:   193        SH:  0    Dex: 11    Spells: 0 memorised, 4 levels left

rFire  . . .     SeeInvis .     u - +0 quarterstaff (curse)
rCold  . . .     Clarity  .     j - +0 chain mail
rNeg   + . .     SustAt   .     (shield currently unavailable)
rPois  ∞         Gourm    .     c - +0 helmet
rElec  +         Spirit   .     (no cloak)
rCorr  .         Warding  .     (no gloves)
rMut   .         Stasis   .     (no boots)
MR     .....                    k - amulet of inaccuracy (curse)
Stlth  ..........               (no ring)
                                (no ring)

@: not resistant to hostile enchantments, extremely unstealthy
A: negative energy resistance 1, electricity resistance, unbreathing,
petrification resistance, rot immunity, AC +4
a: no special abilities


You were on level 3 of the Dungeon.
You were hungry.

You visited 1 branch of the dungeon, and saw 3 of its levels.

You collected 193 gold pieces.

Inventory:

Hand Weapons
 a - a +1 quarterstaff
 u - a cursed +0 quarterstaff (weapon)
Missiles
 d - 3 throwing nets (quivered)
 g - 18 poisoned needles
 l - 104 stones
Armour
 b - a +0 leather armour
 c - a +0 helmet (worn)
 j - a +0 chain mail (worn)
Jewellery
 k - a cursed amulet of inaccuracy (around neck)
Scrolls
 o - a scroll of enchant armour {unknown}
 p - a scroll of amnesia {unknown}
 q - 3 scrolls of remove curse {unknown}
 r - a scroll of identify {unknown}
 t - a scroll of teleportation
Potions
 f - a potion of mutation {unknown}
 i - a potion of resistance {unknown}
 s - 2 potions of curing {unknown}
 v - 2 potions of haste {unknown}
Comestibles
 e - 3 bread rations
 h - 2 meat rations
 m - a beef jerky
 n - a slice of pizza


   Skills:
 - Level 2.1 Fighting
 + Level 5.7 Staves
 - Level 1.7 Throwing
 - Level 2.4 Dodging


You had 4 spell levels left.
You didn't know any spells.

Dungeon Overview and Level Annotations

Branches:
Dungeon (3/15)

Altars:
Fedhas
Gozag
Zin

Annotations:
D:3 exclusion: oklob plant


Innate Abilities, Weirdness & Mutations

You are resistant to torment.
Your stone body is resilient (AC +4).
You are immune to poison.
You resist negative energy.
You are resistant to electric shocks.
You can survive without breathing.
You are immune to petrification.
You are immune to rotting.


Message History

The bat hits you but does no damage.
Found a glowing silver altar of Zin and an opulent altar of Gozag.
You miss the bat.
The bat is heavily wounded.
The bat barely misses you. The bat hits you but does no damage.
You thump the bat!
You kill the bat!
The gnoll hits you from afar with a halberd!
Things that are here:
a halberd; 3 gold pieces; a gnoll corpse You sock the gnoll!
The gnoll is severely wounded.
The gnoll hits you with a flail. The gnoll closely misses you.
The gnoll hits you with a halberd.
The gnoll hits you from afar with a halberd!
* * * LOW HITPOINT WARNING * * *
Things that are here:
a halberd; 3 gold pieces; a gnoll corpse The gnoll hits you with a flail.
You die...

#.#####.....### #..#
#.##. #.............##
#..# #.##.
#..####......#.###..#
#.##.
##..#####....###.##..#
#.##.
####..?........##
##.#..#####.##.
..)....#####.g##
##.........##.
####...# ###.##
#....########.
.......# ##g###..####
###. ####.#.# ##@#.#.#
#...
#.#............##.#
#.##
#.###############.#
#.# #.# #.# #.# #.#
#.# #.# ... #.# #.# .#
##.## #.#
#######...########.#
#.....<.......>....#


You could see 2 gnolls.

Vanquished Creatures
  Ijyb (D:2)
  2 gnolls
  An adder (D:2)
  An ooze (D:2)
  A worm (D:2)
  A giant gecko (D:1)
  3 giant cockroaches
  11 hobgoblins
  3 jackals (D:2)
  2 quokkas
  8 bats
  9 giant newts
  19 goblins
  4 kobolds
  4 rats
70 creatures vanquished.

Notes
Turn   | Place    | Note
--------------------------------------------------------------
     0 | D:1      | septik the Gargoyle Gladiator began the quest for the Orb.
     0 | D:1      | Reached XP level 1. HP: 12/12 MP: 1/1
   131 | D:1      | Reached XP level 2. HP: 15/17 MP: 2/2
   696 | D:1      | Reached skill level 4 in Staves
   777 | D:1      | Reached XP level 3. HP: 21/21 MP: 3/3
  1348 | D:2      | Reached XP level 4. HP: 22/26 MP: 4/4
  1616 | D:2      | Noticed Ijyb
  1670 | D:2      | Killed Ijyb
  1670 | D:2      | Reached skill level 5 in Staves
  1898 | D:2      | Reached XP level 5. HP: 13/30 MP: 5/5
  2149 | D:3      | Found a blossoming altar of Fedhas.
  2160 | D:3      | Noticed an oklob plant
  2278 | D:3      | Found a glowing silver altar of Zin.
  2278 | D:3      | Found an opulent altar of Gozag.
  2294 | D:3      | HP: 1/30 [gnoll/halberd (10)]
  2314 | D:3      | Slain by a gnoll

Action                   |  1- 3 |  4- 6 || total
-------------------------+-------+-------++-------
Melee: Quarterstaff      |   169 |   100 ||   269
  Use: Scroll            |     4 |       ||     4
  Eat: Chunk             |     2 |     2 ||     4
